 Dungeon Crawl Stone Soup version 0.13.0-3-g966e3ec (webtiles) character file.

1858 Jaijje the Basher (level 8, -5/46 HPs)
             Began as a Demonspawn Chaos Knight on Oct 13, 2013.
             Was a Plaything of Xom.
             Slain by a killer bee (7 damage)
             ... on Level 9 of the Dungeon.
             The game lasted 00:39:50 (8316 turns).

Jaijje the Basher (Demonspawn Chaos Knight)         Turns: 8316, Time: 00:39:55

HP  -5/46        AC 12     Str 18      XL: 8   Next: 67%
MP   8/8         EV  9     Int 13      God: Xom
Gold 213         SH 19     Dex 17      Spells:  0 memorised,  7 levels left

Res.Fire  : . . .   See Invis. : .   (no weapon)
Res.Cold  : . . .   Warding    : +   m - +3 orc leather armour
Life Prot.: + . .   Conserve   : .   v - +0 shield {reflect}
Res.Poison: .       Res.Corr.  : .   (no helmet)
Res.Elec. : .       Clarity    : .   I - +0 cloak
Sust.Abil.: + .     Spirit.Shd : .   u - +2 pair of gauntlets {Str+3}
Res.Mut.  : .       Stasis     : .   (no boots)
Res.Rott. : .       Flight     : .   o - amulet of warding
Saprovore : . . .                    A - +4 ring of dexterity
                                     i - ring of sustain abilities

@: slightly resistant to hostile enchantments, unstealthy
A: claws 1, deformed body, demonic guardian 1, -20% hp, spiny 2, AC +4
a: Renounce Religion


You were on level 9 of the Dungeon.
You worshipped Xom.
You were a favourite toy of Xom.
You were very hungry.

You visited 1 branch of the dungeon, and saw 9 of its levels.

You collected 788 gold pieces.
You spent 595 gold pieces at shops.

Inventory:

Hand weapons
 t - a +0,+1 orcish morningstar
 w - a +0,+1 dwarven flail
 G - a +0 blowgun
 J - a +0,+5 hammer of protection
Missiles
 C - 2 needles of confusion
Armour
 b - a +2 leather armour
 m - a +3 orcish leather armour (worn)
 u - a +2 pair of gauntlets of strength (worn)
 v - a +0 shield of reflection (worn)
 I - a +0 cloak (worn)
Comestibles
 c - 8 bread rations
 d - 3 royal jellies
 j - 5 meat rations
 H - 15 strawberries
Scrolls
 a - a scroll of enchant weapon II
 r - a scroll of immolation {unknown}
 y - 2 scrolls of identify
 B - a scroll of curse armour
 F - a scroll of curse jewellery {unknown}
Jewellery
 e - an uncursed ring of protection from fire {unknown}
 i - a ring of sustain abilities (left hand)
 o - an amulet of warding (around neck)
 A - a +4 ring of dexterity (right hand)
 D - an uncursed amulet of resist mutation
Potions
 f - a potion of restore abilities
 h - 2 potions of speed {unknown}
 l - a potion of might {unknown}
 n - a potion of confusion
 p - a potion of slowing {unknown}
 s - a potion of porridge {unknown}
 x - a potion of brilliance {unknown}
Miscellaneous
 E - a lamp of fire


   Skills:
 - Level 3.6 Fighting
 + Level 9.5 Maces & Flails
 - Level 2.1 Armour
 - Level 1.2 Dodging
 - Level 0.2 Stealth
 * Level 3.3 Shields


You had 7 spell levels left.
You didn't know any spells.

Dungeon Overview and Level Annotations

Branches:
Dungeon (9/27)             Temple (0/1) D:6             Orc (0/4) D:6
   Lair: D:8-13

Altars:
Elyvilon
Fedhas
Kikubaaqudgha
Trog
Vehumet
Xom
Zin

Shops:
D:5 (/*[+   D:9 }

Annotations:
D:7 Dowan, Duvessa


Innate Abilities, Weirdness & Mutations

You have sharp fingernails.
You are partially covered in iridescent scales (AC +4).
A weak demonic guardian rushes to your aid.
You are mostly covered in sharp spines.
Armour fits poorly on your strangely shaped body.
You are very frail (-20% HP).


Message History

The killer bee is severely wounded.
The killer bee stings you.
* * * LOW HITPOINT WARNING * * *
Xom thinks this is hilarious!
Your lemure completely misses the killer bee.
Your lemure barely misses the killer bee.
Your lemure misses the killer bee.
The killer bee stings you but does no damage.
Your white imp gestures at the killer bee.
The puff of frost misses the killer bee.
Your lemure closely misses the killer bee.
Your lemure completely misses the killer bee.
You hit the killer bee but do no damage.
The killer bee is severely wounded. "See what I see, my child!"
You feel aware of your surroundings.
You are now a favourite toy of Xom.
The killer bee stings you but does no damage.
The killer bee stings you!
You die...

* *##..#####.# *#.#*
*,, ,, , *, ,......##.#
#K# *,* ***, *
**#..##.##.####§# *,*
#####.###..##.##....#5#
*>*
..B$.........k##.#*#(F#
,* ####..###..##5...#
#..# *,*
#.......##.##.###..#
*,******
##.###.###....5....#
*,*,,,,, *, #.#
####@k5.### *,,,** *
*,* #.# #∩#.## **,, *,*
#.######.#.# ,,* *,*
#........#.# *,,* *,*
##########.# *,,* **
**,** *.# *,,* ,, ,,,,*
*.# * ,* ***** * *.#
*,, *** *** *.********,
,,


You could see a killer bee, a friendly white imp and a friendly lemure.

Vanquished Creatures
  A black bear (D:7)
  3 phantoms (D:4)
  An ice beast (D:5)
  2 giant frogs (D:7)
  2 wights (D:6)
  A crimson imp (D:6)
  3 orc priests
  3 hounds
  5 orc wizards
  Crazy Yiuf (D:6)
  A gnoll shaman (D:4)
  5 worker ants
  An iguana (D:4)
  2 scorpions
  9 gnolls
  4 adders
  2 giant mites
  2 shadow imps (D:3)
  A worm (D:2)
  An ufetubus (D:3)
  6 giant geckos
  An ooze (D:3)
  29 orcs
  10 bats
  A bat skeleton (D:4)
  7 giant cockroaches
  14 hobgoblins
  18 kobolds
  3 quokkas
  2 giant newts (D:1)
  14 goblins
  14 jackals
  An orc skeleton (D:4)
  10 rats
180 creatures vanquished.

Vanquished Creatures (collateral kills)
  A wight (D:6)
  A jelly (D:7)
  A killer bee (D:9)
  A crimson imp (D:5)
  An orc priest (D:5)
  An orc wizard (D:7)
  A giant frog (D:7)
  Ijyb (D:7)
  5 orcs
  A goblin (D:7)
  A quokka (D:5)
  A giant gecko (D:5)
16 creatures vanquished.

Vanquished Creatures (others)
  A dancing weapon (D:8)
  5 crimson imps
  A quasit (D:7)
  An iron imp (D:6)
  2 lemures
  7 ufetubi
  3 white imps
  A gnoll zombie (D:4)
21 creatures vanquished.

Grand Total: 217 creatures vanquished

Notes
Turn   | Place    | Note
--------------------------------------------------------------
     0 | D:1      | Jaijje, the Demonspawn Chaos Knight, began the quest for the Orb.
     0 | D:1      | Reached XP level 1. HP: 16/16 MP: 1/1
   117 | D:1      | Paralysed by a potion of paralysis for 2 turns
   170 | D:1      | Gained mutation: You are partially covered in sharp spines. [demonic ancestry]
   170 | D:1      | Reached XP level 2. HP: 9/22 MP: 2/2
   405 | D:1      | Reached skill level 1 in Dodging
   471 | D:1      | XOM: mild Hex miscast
   804 | D:1      | XOM: cast spell 'Statue Form'
   873 | D:1      | XOM: harmless Necr miscast
  1172 | D:2      | Gained mutation: A weak demonic guardian rushes to your aid. [demonic ancestry]
  1172 | D:2      | Reached XP level 3. HP: 28/28 MP: 3/3
  1324 | D:2      | XOM: enchant monster (bad)
  1382 | D:2      | XOM: noise
  1551 | D:2      | Found a radiant altar of Vehumet.
  1565 | D:2      | Found a blossoming altar of Fedhas.
  1666 | D:2      | XOM: harmless Summ miscast
  2118 | D:3      | Gained mutation: You have sharp fingernails. [demonic ancestry]
  2118 | D:3      | Reached XP level 4. HP: 29/34 MP: 4/4
  2312 | D:3      | Reached skill level 4 in Maces & Flails
  2314 | D:3      | You fall through a shaft!
  2314 | D:5      | Entered Level 5 of the Dungeon
  2514 | D:5      | Found Isuoj's Magical Wand Shop.
  2582 | D:5      | Gained mutation: You are partially covered in iridescent scales (AC +4). [demonic ancestry]
  2582 | D:5      | Reached XP level 5. HP: 20/40 MP: 5/5
  2817 | D:5      | Found Qicetzus' Armour Emporium.
  2843 | D:5      | Found Codo's Book Shop.
  2873 | D:5      | XOM: polymorph jackal -> gnoll
  2879 | D:5      | Reached skill level 5 in Maces & Flails
  2981 | D:5      | XOM: give mutations
  2981 | D:5      | Gained mutation: You are frail (-10% HP). [Xom's mischief]
  2981 | D:5      | Gained mutation: Armour fits poorly on your strangely shaped body. [Xom's mischief]
  3239 | D:4      | Found a white marble altar of Elyvilon.
  3332 | D:4      | Gained mutation: You are mostly covered in sharp spines. [demonic ancestry]
  3332 | D:4      | Reached XP level 6. HP: 22/41 MP: 6/6
  3399 | D:4      | XOM: torment (17/41 hp)
  3452 | D:4      | Noticed a phantom
  3453 | D:4      | XOM: blink monster(s)
  3475 | D:4      | Killed a phantom
  3475 | D:4      | Reached skill level 6 in Maces & Flails
  3572 | D:4      | XOM: 2-stop teleportation journey
  3683 | D:4      | XOM: god gift: 470 gold pieces
  3983 | D:4      | XOM: scenery: create altars
  3987 | D:4      | Noticed a phantom
  4012 | D:4      | Killed a phantom
  4012 | D:4      | Reached skill level 7 in Maces & Flails
  4012 | D:4      | Reached XP level 7. HP: 31/46 MP: 7/7
  4258 | D:4      | XOM: inner flame monster(s)
  4369 | D:4      | XOM: god gift: lamp of fire
  4402 | D:4      | XOM: divination: detect creatures
  4437 | D:4      | XOM: confusion (+ monsters)
  4443 | D:4      | XOM: mild Necr miscast
  4444 | D:4      | XOM: enchant monster (bad)
  4597 | D:3      | XOM: summons 3 hostile demons
  4618 | D:3      | Found a bloodstained altar of Trog.
  4750 | D:3      | XOM: give mutation
  4750 | D:3      | Gained mutation: You are very frail (-20% HP). [Xom's mischief]
  4777 | D:3      | XOM: mild Erth miscast
  4910 | D:3      | XOM: harmless Trmt miscast
  4970 | D:3      | XOM: harmless Hex miscast
  5093 | D:4      | XOM: enchant monster (good)
  5331 | D:5      | XOM: harmless Chrm miscast
  5524 | D:5      | Found Pluugg's General Store.
  5856 | D:5      | XOM: harmless Pois miscast
  5895 | D:5      | Found Zytzuwoth's Weapon Boutique.
  5967 | D:5      | Reached skill level 8 in Maces & Flails
  6069 | D:5      | Bought a +2 pair of gauntlets of strength for 241 gold pieces
  6069 | D:5      | Bought a +0 shield of reflection for 354 gold pieces
  6104 | D:6      | Reached skill level 1 in Shields
  6111 | D:6      | Found a staircase to the Ecumenical Temple.
  6119 | D:6      | Reached XP level 8. HP: 4/46 MP: 8/8
  6274 | D:5      | XOM: harmless Hex miscast
  6432 | D:6      | XOM: potion effect (berserk)
  6469 | D:6      | XOM: mild Conj miscast
  6526 | D:6      | XOM: 3-stop teleportation journey
  6538 | D:6      | Found an ancient bone altar of Kikubaaqudgha.
  6849 | D:6      | XOM: god gift: 3 royal jellies
  6935 | D:6      | XOM: medium Necr miscast
  7136 | D:6      | XOM: enchant monster (good)
  7141 | D:6      | Reached skill level 9 in Maces & Flails
  7395 | D:6      | Found a staircase to the Orcish Mines.
  7466 | D:6      | Noticed Crazy Yiuf
  7475 | D:6      | Killed Crazy Yiuf
  7586 | D:7      | Noticed Ijyb
  7758 | D:7      | XOM: summons friendly quasit
  7777 | D:7      | Killed Ijyb
  7803 | D:7      | HP: 2/46 [poisoned by Ijyb]
  8117 | D:7      | Found a glowing silver altar of Zin.
  8117 | D:7      | Noticed an angel
  8214 | D:7      | XOM: cast spell 'Tukima's Dance'
  8252 | D:7      | Noticed Duvessa
  8253 | D:7      | Noticed Dowan
  8281 | D:9      | XOM: summons friendly crimson imp
  8282 | D:9      | XOM: 3-stop teleportation journey
  8295 | D:9      | Found Iruuz's Gadget Boutique.
  8315 | D:9      | HP: 1/46 [killer bee (6)]
  8316 | D:9      | XOM: divination: magic mapping
  8316 | D:9      | Slain by a killer bee

Action                   |  1- 3 |  4- 6 |  7- 9 || total
-------------------------+-------+-------+-------++-------
Melee: Mace              |   120 |   186 |   291 ||   597
       Unarmed           |       |       |    15 ||    15
  Use: Potion            |     2 |     1 |     7 ||    10
       Scroll            |       |     2 |     9 ||    11
 Stab: Paralysed         |     4 |     1 |       ||     5
       Confused          |       |     2 |     2 ||     4
       Petrifying        |       |     1 |     1 ||     2
       Sleeping          |       |       |     2 ||     2
       Distracted        |       |       |     2 ||     2
       Petrified         |       |       |     1 ||     1
